 Dungeon Crawl Stone Soup version bcrawl-1.23.1 (webtiles) character file.

Game seed: 9085361520223638207

34 diana the Slasher (level 3, -1/27 HPs)
             Began as a Demonspawn Gladiator on May 24, 2020.
             Slain by a sky beast (5 damage)
             ... on level 2 of the Dungeon.
             The game lasted 00:01:09 (1201 turns).

diana the Slasher (Demonspawn Gladiator)            Turns: 1201, Time: 00:01:10

Health: -1/27      AC:  4    Str: 15    XL:     3   Next: 14%
Magic:  3/3        EV: 12    Int:  9    God:
Gold:   109        SH:  1    Dex: 14    Spells: 2/2 levels left

rFire    . . .     SeeInvis .   a - +0 long sword
rCold    . . .     Gourm    .   (no shield)
rNeg     . . .     Faith    .   b - +0 leather armour
rPois    .         Spirit   .   c - +0 helmet
rElec    .         Reflect  .   (no cloak)
rCorr    .         Harm     .   (no gloves)
MR       .....                  (no boots)
Stlth    +.........             (no amulet)
HPRegen  0.09/turn              (no ring)
MPRegen  0.08/turn              (no ring)

@: no status effects
A: claws 1
a: no special abilities


You were on level 2 of the Dungeon.
You were not hungry.

You visited 1 branch of the dungeon, and saw 2 of its levels.

You collected 109 gold pieces.

Inventory:

Hand Weapons
 a - a +0 long sword (weapon)
Missiles
 d - 2 throwing nets (quivered) {!f}
Armour
 b - a +0 leather armour (worn)
 c - a +0 helmet (worn)
Wands
 l - a wand of random effects (7)
Scrolls
 f - a scroll of amnesia {unknown}
 g - a scroll of identify {unknown}
 i - a scroll of noise {unknown}
 j - a scroll of fog {unknown}
Potions
 h - a potion of berserk rage {unknown}
 k - a potion of brilliance {unknown}
Comestibles
 e - a ration {!d}


   Skills:
 - Level 2.0 Fighting
 * Level 3.5 Long Blades
 - Level 1.7 Throwing
 + Level 1.3 Armour
 - Level 2.6 Dodging


You had 2 spell levels left.
You didn't know any spells.
Your spell library was empty.

Dungeon Overview and Level Annotations

Branches:
Dungeon (2/12)

Altars:
Uskayaw


Innate Abilities, Weirdness & Mutations

You have sharp fingernails.


Message History

You are too injured to fight recklessly!
You are too injured to fight recklessly!
You are too injured to fight recklessly!
You are too injured to fight recklessly!
You are too injured to fight recklessly!
You are too injured to fight recklessly!
Throwing (i - inventory)
d - 3 throwing nets (quivered)
{!f}
Press: ? - help, Shift-Dir - straight line, f - sky beast
Aim: a sky beast Really fire
d - 3 throwing nets {!f}?
Throwing (i - inventory)
d - 3 throwing nets (quivered)
{!f}
Press: ? - help, Shift-Dir - straight line, f/p - sky beast
Aim: a sky beast Really fire
d - 3 throwing nets {!f}?
You throw a throwing net {!f}.
The throwing net {!f} misses the sky beast.
The sky beast hits you.
* * * LOW HITPOINT WARNING * * *
The sky beast shocks you.
You die...

#.# #...#..### #####
#.#####..#..##### #...#
#.......>.......#
#...###.#.##..........####
########.......#.##..............
#...........)..#.##..............
#.##..........##.##..............
..............##.####.........###
#.##....#.....##@# #........##
#.##....#.....##Y# ##.#####.#
........#.######.. #.# #.#
............ #... #.# #.#
............ #...# #.# #.#
#.######.... #...# #.# #.# #.#
#.## #...# #.# #.# #.# .# #(###
#.# #.# #.#######.#
#####.#####.####


You could see a sky beast.

Vanquished Creatures
  2 worms (D:2)
  2 dart slugs
  A leopard gecko (D:2)
  2 goblins (D:1)
  3 hobgoblins
  4 bats (D:1)
  4 frilled lizards (D:1)
  3 kobolds
  4 rats (D:1)
25 creatures vanquished.

Notes
Turn   | Place    | Note
-------+----------+-------------------------------------------
     0 | D:1      | diana the Demonspawn Gladiator began the quest for the Orb.
     0 | D:1      | Reached XP level 1. HP: 16/16 MP: 1/1
   125 | D:1      | Reached skill level 3 in Long Blades
   135 | D:1      | Gained mutation: You have sharp fingernails. [demonic
                  | ancestry]
   135 | D:1      | Reached XP level 2. HP: 21/22 MP: 2/2
   373 | D:1      | Reached skill level 1 in Armour
   961 | D:2      | Reached XP level 3. HP: 26/27 MP: 3/3
  1138 | D:2      | Found a hide-covered altar of Uskayaw.
  1194 | D:2      | Noticed a sky beast
  1201 | D:2      | Slain by a sky beast

Skill      XL: |  1  2 |
---------------+-------+-----
Long Blades    | 3 |  3.5
Armour         | 1 |  1.3
Fighting       | |  2.0
Throwing       | |  1.7
Dodging        | |  2.6

Action                   || total
-------------------------++-------
Melee: Long sword        ||    92
Throw: Throwing net      ||     1
  Eat: Chunk             ||     1
Armor: Leather armour    ||    30
Dodge: Dodged            ||    57
